PITTSBURGH Penguins vs COLUMBUS Blue Jackets

Created - 20 février 2024 at 18:11

Goals
1 2 3 T
PITTSBURGH Penguins 1 1 1 3
COLUMBUS Blue Jackets 2 2 3 7
Shots
1 2 3 T
PITTSBURGH Penguins 9 4 7 20
COLUMBUS Blue Jackets 7 12 13 32

1st period

1. PITTSBURGH Penguins , Jason Robertson 5 (Connor Clifton 5) at 5:33
2. COLUMBUS Blue Jackets , Artturi Lehkonen 5 (Anthony Cirelli 11, Blake Coleman 5) at 12:13
3. COLUMBUS Blue Jackets , Ryan Pulock 3 (Jake Evans 2, Andre Burakovsky 1) at 17:08

Penalties :
Brandon Carlo (PIT) for Hooking (Minor) at 2:06

2nd period

4. COLUMBUS Blue Jackets , Ondrej Palat 3 (Neal Pionk 7, Kailer Yamamoto 9) at 7:01 (PP)
5. PITTSBURGH Penguins , Gabriel Vilardi 2 (Robert Bortuzzo 2, Cam Talbot) at 14:06
6. COLUMBUS Blue Jackets , Blake Coleman 6 (Artturi Lehkonen 11, Dmitry Orlov 8) at 15:16

Penalties :
Connor Clifton (PIT) for Holding (Minor) at 0:24, Jason Robertson (PIT) for High sticking (Minor) at 5:18, Connor Clifton (PIT) for Cross-checking (Minor) at 9:48, Jake Evans (CLB) for Tripping (Minor) at 17:16

3rd period

7. PITTSBURGH Penguins , Jordan Kyrou 5 (Jason Robertson 7, Thomas Chabot 8) at 2:22
8. COLUMBUS Blue Jackets , Blake Coleman 7 (Artturi Lehkonen 12, Dmitry Orlov 9) at 8:15
9. COLUMBUS Blue Jackets , Artturi Lehkonen 6 (Blake Coleman 6, Anthony Cirelli 12) at 12:48
10. COLUMBUS Blue Jackets , Kailer Yamamoto 4 (Martin Fehervary 6, Neal Pionk 8) at 17:44

Penalties :
Lars Eller (CLB) for Slashing (Minor) at 2:26, Robert Bortuzzo (PIT) for Slashing (Minor) at 8:38, Artturi Lehkonen (CLB) for Tripping (Minor) at 13:48, Calvin de Haan (CLB) for Tripping (Minor) at 18:40

Goalie Stats

Cam Talbot (PIT), 14 saves from 18 shots - (0,778), L, 6-5-1, 35:16 minutes
Elvis Merzlikins (PIT), 11 saves from 14 shots - (0,786), 24:44 minutes
Thatcher Demko (CLB), 17 saves from 20 shots - (0,850), W, 7-8-1, 60:00 minutes

Players Stats for PITTSBURGH Penguins

Player Name              G  A  P  +/- PIM S  H  SB GA TA FO     MP     PP MP  PK MP  
------------------------------------------------------------------------------------
Adam Pelech              0  0  0  -2  0   0  4  3  0  0  0/0    22:27   2:27   5:07 
Alexander Volkov         0  0  0  -1  0   1  0  0  0  0  0/0    10:41   1:26   1:40 
Barclay Goodrow          0  0  0  -1  0   0  2  1  0  0  11/23  16:55   3:43   3:23 
Brandon Carlo            0  0  0  -1  2   0  5  2  0  0  0/0    19:20   0:28   3:35 
Connor Clifton           0  1  1  -1  4   0  3  1  0  0  0/0    15:50   0:00   0:36 
Evgeni Malkin            0  0  0   0  0   2  2  0  0  0  15/28  21:18   3:33   5:09 
Gabriel Vilardi          1  0  1  -1  0   1  0  0  0  0  5/6     7:35   0:00   0:00 
Jake Guentzel            0  0  0  -1  0   1  2  0  0  0  1/1    19:00   3:05   2:50 
Jason Robertson          1  1  2   0  2   3  0  0  0  0  0/1    20:28   3:33   4:20 
Jesse Puljujarvi         0  0  0  -1  0   0  1  0  0  0  0/1     9:49   0:00   0:00 
Jordan Kyrou             1  0  1   0  0   6  2  0  0  0  1/1    15:21   2:45   0:00 
Jordan Staal             0  0  0  -1  0   1  1  0  0  0  11/17  13:05   0:00   0:00 
Nate Schmidt             0  0  0  -1  0   2  0  3  0  0  0/0    21:35   3:15   5:49 
Patrik Laine             0  0  0  -1  0   3  1  0  0  0  1/2    18:31   3:33   1:53 
Robert Bortuzzo          0  1  1   0  2   0  3  0  0  0  0/0    14:09   0:28   0:06 
Tanner Pearson           0  0  0  -1  0   0  0  1  0  0  0/0    13:41   3:43   0:09 
Thomas Chabot            0  1  1  -1  0   0  0  1  0  0  0/0    22:56   4:21   3:59 
Yakov Trenin             0  0  0  -1  0   0  0  0  0  0  0/0     7:35   0:00   0:00 

Players Stats for COLUMBUS Blue Jackets

Player Name              G  A  P  +/- PIM S  H  SB GA TA FO     MP     PP MP  PK MP  
------------------------------------------------------------------------------------
Andre Burakovsky         0  1  1   1  0   2  3  0  0  0  0/1     9:47   0:00   0:37 
Anthony Cirelli          0  2  2   2  0   2  0  1  0  0  12/33  24:19   5:07   4:35 
Artturi Lehkonen         2  2  4   2  2   5  3  3  0  0  0/1    23:00   5:07   3:17 
Blake Coleman            2  2  4   2  0   4  2  0  0  0  0/2    21:05   5:07   1:21 
Calvin de Haan           0  0  0   1  2   0  1  0  0  0  0/0    14:08   0:00   0:00 
Dmitry Orlov             0  2  2   2  0   0  2  3  0  0  0/0    25:22   4:48   4:10 
Eric Staal               0  0  0   0  0   0  2  0  0  0  0/3     8:26   0:00   0:41 
Evan Rodrigues           0  0  0   0  0   1  1  0  0  0  5/6    17:26   4:32   1:21 
Jake Evans               0  1  1   1  2   1  0  0  0  0  4/10    9:09   0:00   0:00 
Kailer Yamamoto          1  1  2   0  0   5  3  0  0  0  0/0    16:05   4:32   0:00 
Lars Eller               0  0  0   0  2   4  1  0  0  0  13/19  12:43   0:00   1:11 
Martin Fehervary         0  1  1   0  0   2  2  1  0  0  0/0    20:29   4:51   3:06 
Matt Benning             0  0  0   1  0   0  2  2  0  0  0/0    14:09   0:00   0:00 
Neal Pionk               0  2  2   0  0   2  1  0  0  0  0/0    20:29   4:51   3:06 
Ondrej Palat             1  0  1   1  0   1  2  0  0  0  1/3    13:42   4:32   0:00 
Ryan Poehling            0  0  0   0  0   0  1  0  0  0  0/2     7:45   0:00   0:00 
Ryan Pulock              1  0  1   2  0   3  0  4  0  0  0/0    25:22   4:48   4:10 
Zemgus Girgensons        0  0  0   0  0   0  1  0  0  0  0/0     9:14   0:00   1:29 

3 Stars

1 - Blake Coleman (CLB)
2 - Artturi Lehkonen (CLB)
3 - Dmitry Orlov (CLB)

Power Play

PITTSBURGH Penguins - 0 on 4 Attempt(s) - 0,00%
COLUMBUS Blue Jackets - 1 on 5 Attempt(s) - 20,00%

Penalty Kill

PITTSBURGH Penguins - 4 on 5 Attempt(s) - 80,00% - Score 0 goal in Penalty Kill
COLUMBUS Blue Jackets - 4 on 4 Attempt(s) - 100,00% - Score 0 goal in Penalty Kill

Team Stat

PITTSBURGH Penguins - Hits : 26 - Faceoff Wins : 45 - Blocked Shots : 12 - Penalty Minutes : 10
COLUMBUS Blue Jackets - Hits : 27 - Faceoff Wins : 35 - Blocked Shots : 14 - Penalty Minutes : 8

Official

Referees : Michael Markovic and Edward Grudzinski
Linesman : Kory Nagy and Julien Fournier

Game Notes

Elvis Merzlikins enters game at 15:16 of 2nd period

Finance

Level 1 -- Attendance: 5478 (90,55%) -- Ticket Income $542,322
Level 2 -- Attendance: 4025 (79,70%) -- Ticket Income $237,475
Level 3 -- Attendance: 1953 (94,12%) -- Ticket Income $72,261
Level 4 -- Attendance: 4103 (100,00%) -- Ticket Income $61,545
Luxury Box -- Attendance: 792 (78,65%) -- Ticket Income $164,736
Game was played at the Nationwide Arena.
Total Attendance: 16351 (89,42%)
Total Ticket Income: $1,078,339
Other Income: $269,585
Total Income: $1,347,924

PITTSBURGH Penguins

5 vs 5 Forward 
   Center                   Left Wing                Right Wing               Time % Phy DF OF 
 1 Evgeni Malkin            Jason Robertson          Jordan Kyrou             34     1   1  3  
 2 Jordan Staal             Jake Guentzel            Patrik Laine             30     1   1  3  
 3 Barclay Goodrow          Tanner Pearson           Jesse Puljujarvi         24     1   1  3  
 4 Gabriel Vilardi          Alexander Volkov         Yakov Trenin             12     1   3  1  

5 vs 5 Defense 
   Defense                  Defense                                           Time % Phy DF OF 
 1 Thomas Chabot            Brandon Carlo                                     38     1   1  3  
 2 Connor Clifton           Adam Pelech                                       36     1   3  1  
 3 Nate Schmidt             Robert Bortuzzo                                   26     1   4  0  
 4 Thomas Chabot            Adam Pelech                                       0      1   4  0  

PowerPlay Forward 
   Center                   Left Wing                Right Wing               Time % Phy DF OF 
 1 Evgeni Malkin            Jason Robertson          Jake Guentzel            65     0   0  5  
 2 Barclay Goodrow          Jordan Kyrou             Tanner Pearson           35     0   1  4  

PowerPlay Defense
   Defense                  Defense                                           Time % Phy DF OF 
 1 Patrik Laine             Thomas Chabot                                     65     0   0  5  
 2 Adam Pelech              Nate Schmidt                                      35     0   1  4  

Penalty Kill 4 Players Forward 
   Center                   Wing                     Time % Phy DF OF 
 1 Evgeni Malkin            Jason Robertson          60     1   4  0  
 2 Barclay Goodrow          Jake Guentzel            40     0   5  0  

Penalty Kill 4 Players Defense
   Defense                  Defense                  Time % Phy DF OF 
 1 Nate Schmidt             Thomas Chabot            60     1   4  0  
 2 Brandon Carlo            Adam Pelech              40     1   4  0  

Penalty Kill - 3 Players Forward 
   Forward                                           Time % Phy DF OF 
 1 Jason Robertson                                   50     0   5  0  
 2 Barclay Goodrow                                   50     0   5  0  

Penalty Kill - 3 Players Defense
   Defense                  Defense                  Time % Phy DF OF 
 1 Thomas Chabot            Nate Schmidt             70     1   4  0  
 2 Brandon Carlo            Adam Pelech              30     1   4  0  

4 vs 4 Forward 
   Center                   Wing                     Time % Phy DF OF 
 1 Patrik Laine             Jason Robertson          60     0   2  3  
 2 Evgeni Malkin            Jake Guentzel            40     0   2  3  

4 vs 4 Defense
   Defense                  Defense                  Time % Phy DF OF 
 1 Thomas Chabot            Adam Pelech              58     1   2  2  
 2 Nate Schmidt             Connor Clifton           42     1   2  2  

Last Minutes Offensive
   Center                   Left Wing                Right Wing               Defense                  Defense                  
   Jordan Kyrou             Evgeni Malkin            Jason Robertson          Nate Schmidt             Thomas Chabot            

Last Minutes Defensive
   Center                   Left Wing                Right Wing               Defense                  Defense                  
   Jordan Kyrou             Barclay Goodrow          Yakov Trenin             Adam Pelech              Brandon Carlo            

Goaltenders
Starting : Cam Talbot               
Backup : Elvis Merzlikins         

Extra Forwards
Normal : Patrik Laine, Evgeni Malkin, Barclay Goodrow - PP : Patrik Laine, Evgeni Malkin - PK : Patrik Laine
Extra Defensemen
Normal : Nate Schmidt, Adam Pelech, Thomas Chabot - PP : Nate Schmidt - PK : Nate Schmidt, Adam Pelech
Penalty Shots
Jason Robertson, Evgeni Malkin, Jake Guentzel, Barclay Goodrow, Patrik Laine

Scratches
None

COLUMBUS Blue Jackets

5 vs 5 Forward 
   Center                   Left Wing                Right Wing               Time % Phy DF OF 
 1 Anthony Cirelli          Artturi Lehkonen         Blake Coleman            40     0   3  2  
 2 Lars Eller               Evan Rodrigues           Kailer Yamamoto          30     0   3  2  
 3 Jake Evans               Andre Burakovsky         Ondrej Palat             20     0   3  2  
 4 Eric Staal               Ryan Poehling            Zemgus Girgensons        10     0   4  1  

5 vs 5 Defense 
   Defense                  Defense                                           Time % Phy DF OF 
 1 Dmitry Orlov             Ryan Pulock                                       40     0   3  2  
 2 Neal Pionk               Martin Fehervary                                  30     0   3  2  
 3 Matt Benning             Calvin de Haan                                    20     0   4  1  
 4 Dmitry Orlov             Ryan Pulock                                       10     1   3  1  

PowerPlay Forward 
   Center                   Left Wing                Right Wing               Time % Phy DF OF 
 1 Anthony Cirelli          Artturi Lehkonen         Blake Coleman            60     0   1  4  
 2 Evan Rodrigues           Ondrej Palat             Kailer Yamamoto          40     0   1  4  

PowerPlay Defense
   Defense                  Defense                                           Time % Phy DF OF 
 1 Dmitry Orlov             Ryan Pulock                                       60     0   1  4  
 2 Neal Pionk               Martin Fehervary                                  40     0   1  4  

Penalty Kill 4 Players Forward 
   Center                   Wing                     Time % Phy DF OF 
 1 Anthony Cirelli          Artturi Lehkonen         60     0   5  0  
 2 Evan Rodrigues           Blake Coleman            40     0   5  0  

Penalty Kill 4 Players Defense
   Defense                  Defense                  Time % Phy DF OF 
 1 Dmitry Orlov             Ryan Pulock              60     0   5  0  
 2 Neal Pionk               Martin Fehervary         40     0   5  0  

Penalty Kill - 3 Players Forward 
   Forward                                           Time % Phy DF OF 
 1 Artturi Lehkonen                                  60     0   5  0  
 2 Anthony Cirelli                                   40     0   5  0  

Penalty Kill - 3 Players Defense
   Defense                  Defense                  Time % Phy DF OF 
 1 Dmitry Orlov             Ryan Pulock              60     0   5  0  
 2 Neal Pionk               Martin Fehervary         40     0   5  0  

4 vs 4 Forward 
   Center                   Wing                     Time % Phy DF OF 
 1 Evan Rodrigues           Blake Coleman            60     0   3  2  
 2 Lars Eller               Ondrej Palat             40     0   3  2  

4 vs 4 Defense
   Defense                  Defense                  Time % Phy DF OF 
 1 Dmitry Orlov             Ryan Pulock              60     0   4  1  
 2 Neal Pionk               Martin Fehervary         40     0   4  1  

Last Minutes Offensive
   Center                   Left Wing                Right Wing               Defense                  Defense                  
   Anthony Cirelli          Artturi Lehkonen         Blake Coleman            Dmitry Orlov             Ryan Pulock              

Last Minutes Defensive
   Center                   Left Wing                Right Wing               Defense                  Defense                  
   Anthony Cirelli          Artturi Lehkonen         Blake Coleman            Dmitry Orlov             Ryan Pulock              

Goaltenders
Starting : Thatcher Demko           
Backup : Mackenzie Blackwood      

Extra Forwards
Normal : Eric Staal, Jake Evans, Lars Eller - PP : Eric Staal, Jake Evans - PK : Lars Eller
Extra Defensemen
Normal : Matt Benning, Calvin de Haan, Neal Pionk - PP : Matt Benning - PK : Calvin de Haan, Neal Pionk
Penalty Shots
Artturi Lehkonen, Anthony Cirelli, Evan Rodrigues, Blake Coleman, Kailer Yamamoto

Scratches
Max Pacioretty (Healthy)

% Time on Ice - PITTSBURGH Penguins

Lines # - Real PCT - Wanted PCT - Time Play
Normal Forward
1 - 29% - 34% - 12:36
2 - 30% - 30% - 13:05
3 - 23% - 24% - 9:49
4 - 18% - 12% - 7:35
Normal Defense
1 - 34% - 38% - 14:36
2 - 35% - 36% - 15:16
3 - 31% - 26% - 13:13
4 - 0% - 0% - 0:00
PP Forward
1 - 49% - 65% - 3:33
2 - 51% - 35% - 3:43
PP Defense
1 - 66% - 65% - 4:49
2 - 34% - 35% - 2:27
PK Forward
1 - 71% - 60% - 6:49
2 - 29% - 40% - 2:50
PK Defense
1 - 62% - 60% - 5:58
2 - 38% - 40% - 3:41
PK3 Forward
1 - 0% - 50%
2 - 0% - 50%
PK3 Defense
1 - 0% - 70%
2 - 0% - 30%
44 Forward
1 - 0% - 60%
2 - 0% - 40%
44 Defense
1 - 0% - 58%
2 - 0% - 42%
Last Minute Offensive  - 0:00
Last Minute Defensive  - 0:00
Total
Forward - 60:00
Defense - 60:00

% Time on Ice - COLUMBUS Blue Jackets

Lines # - Real PCT - Wanted PCT - Time Play
Normal Forward
1 - 34% - 40% - 14:37
2 - 27% - 30% - 11:33
3 - 21% - 20% - 9:10
4 - 18% - 10% - 7:45
Normal Defense
1 - 36% - 40% - 15:39
2 - 29% - 30% - 12:32
3 - 33% - 20% - 14:09
4 - 2% - 10% - 0:45
PP Forward
1 - 53% - 60% - 5:07
2 - 47% - 40% - 4:32
PP Defense
1 - 50% - 60% - 4:48
2 - 50% - 40% - 4:51
PK Forward
1 - 81% - 60% - 5:55
2 - 19% - 40% - 1:21
PK Defense
1 - 57% - 60% - 4:10
2 - 43% - 40% - 3:06
PK3 Forward
1 - 0% - 60%
2 - 0% - 40%
PK3 Defense
1 - 0% - 60%
2 - 0% - 40%
44 Forward
1 - 0% - 60%
2 - 0% - 40%
44 Defense
1 - 0% - 60%
2 - 0% - 40%
Last Minute Offensive  - 0:00
Last Minute Defensive  - 0:00
Total
Forward - 60:00
Defense - 60:00

Play-by-Play

1st period


0:01 of 1st period - Jordan Kyrou wins face-off versus Anthony Cirelli in neutral zone.
0:51 of 1st period - Icing by Evgeni Malkin.
0:52 of 1st period - Lars Eller wins face-off versus Evgeni Malkin in PITTSBURGH Penguins zone.
1:06 of 1st period - Kailer Yamamoto is hit by Brandon Carlo and loses puck.
1:18 of 1st period - Icing by Brandon Carlo.
1:19 of 1st period - Evgeni Malkin wins face-off versus Jake Evans in PITTSBURGH Penguins zone.
1:26 of 1st period - Andre Burakovsky is hit by Jordan Kyrou and loses puck.
1:48 of 1st period - Icing by Brandon Carlo.
1:49 of 1st period - Evgeni Malkin wins face-off versus Ryan Poehling in PITTSBURGH Penguins zone.
1:49 of 1st period - Evgeni Malkin is hit by Ryan Poehling.
2:02 of 1st period - Ryan Poehling is hit by Brandon Carlo and loses puck.
2:06 of 1st period - Minor Penalty to Brandon Carlo for Hooking.
2:07 of 1st period - Barclay Goodrow wins face-off versus Blake Coleman in PITTSBURGH Penguins zone.
2:07 of 1st period - Barclay Goodrow is hit by Artturi Lehkonen.
2:27 of 1st period - Icing by Blake Coleman.
2:28 of 1st period - Patrik Laine wins face-off versus Anthony Cirelli in COLUMBUS Blue Jackets zone.
2:45 of 1st period - Shot by Neal Pionk.
2:45 of 1st period - Shot Misses the Net.
3:11 of 1st period - Shot by Ryan Pulock.
3:11 of 1st period - Shot Blocked by Nate Schmidt.
3:49 of 1st period - Shot by Ryan Pulock.
3:49 of 1st period - Shot Misses the Net.
4:19 of 1st period - Shot by Yakov Trenin.
4:19 of 1st period - Deflect By Alexander Volkov.
4:19 of 1st period - Stopped by Thatcher Demko without a rebound.
4:20 of 1st period - Gabriel Vilardi wins face-off versus Eric Staal in COLUMBUS Blue Jackets zone.
4:27 of 1st period - Shot by Yakov Trenin.
4:27 of 1st period - Shot Misses the Net.
5:16 of 1st period - Shot by Anthony Cirelli.
5:16 of 1st period - Deflect By Artturi Lehkonen.
5:16 of 1st period - Shot Misses the Net.
5:24 of 1st period - Anthony Cirelli is hit by Evgeni Malkin and loses puck.
5:33 of 1st period - Shot by Jason Robertson.
5:33 of 1st period - Goal by Jason Robertson - PITTSBURGH Penguins : 1 - COLUMBUS Blue Jackets : 0.
5:34 of 1st period - Lars Eller wins face-off versus Jordan Staal in neutral zone.
5:39 of 1st period - Shot by Evan Rodrigues.
5:39 of 1st period - Shot Misses the Net.
6:17 of 1st period - Shot by Ryan Pulock.
6:17 of 1st period - Stopped by Cam Talbot without a rebound.
6:18 of 1st period - Anthony Cirelli wins face-off versus Barclay Goodrow in PITTSBURGH Penguins zone.
6:21 of 1st period - Shot by Artturi Lehkonen.
6:21 of 1st period - Shot Misses the Net.
6:23 of 1st period - Shot by Neal Pionk.
6:23 of 1st period - Stopped by Cam Talbot without a rebound.
6:24 of 1st period - Barclay Goodrow wins face-off versus Blake Coleman in PITTSBURGH Penguins zone.
6:30 of 1st period - Jesse Puljujarvi is hit by Martin Fehervary and loses puck.
7:03 of 1st period - Shot by Blake Coleman.
7:03 of 1st period - Shot Misses the Net.
7:05 of 1st period - Shot by Martin Fehervary.
7:05 of 1st period - Shot Misses the Net.
7:07 of 1st period - Shot by Neal Pionk.
7:07 of 1st period - Shot Misses the Net.
7:09 of 1st period - Shot by Martin Fehervary.
7:09 of 1st period - Shot Misses the Net.
7:23 of 1st period - Shot by Ondrej Palat.
7:23 of 1st period - Shot Misses the Net.
7:25 of 1st period - Shot by Dmitry Orlov.
7:25 of 1st period - Shot Blocked by Barclay Goodrow.
7:31 of 1st period - Shot by Andre Burakovsky.
7:31 of 1st period - Stopped by Cam Talbot without a rebound.
7:32 of 1st period - Lars Eller wins face-off versus Jordan Staal in PITTSBURGH Penguins zone.
7:55 of 1st period - Shot by Patrik Laine.
7:55 of 1st period - Stopped by Thatcher Demko without a rebound.
7:56 of 1st period - Jake Evans wins face-off versus Evgeni Malkin in COLUMBUS Blue Jackets zone.
7:56 of 1st period - Ryan Pulock is hit by Evgeni Malkin and loses puck.
8:23 of 1st period - Adam Pelech is hit by Andre Burakovsky and loses puck.
8:30 of 1st period - Shot by Jake Evans.
8:30 of 1st period - Shot Misses the Net.
8:32 of 1st period - Shot by Andre Burakovsky.
8:32 of 1st period - Shot Misses the Net.
8:34 of 1st period - Shot by Jake Evans.
8:34 of 1st period - Shot Misses the Net.
10:47 of 1st period - Dmitry Orlov is hit by Robert Bortuzzo and loses puck.
10:50 of 1st period - Shot by Dmitry Orlov.
10:50 of 1st period - Shot Misses the Net.
11:31 of 1st period - Icing by Connor Clifton.
11:32 of 1st period - Gabriel Vilardi wins face-off versus Anthony Cirelli in PITTSBURGH Penguins zone.
12:09 of 1st period - Shot by Artturi Lehkonen.
12:09 of 1st period - Shot Misses the Net.
12:11 of 1st period - Shot by Anthony Cirelli.
12:11 of 1st period - Shot Misses the Net.
12:13 of 1st period - Shot by Artturi Lehkonen.
12:13 of 1st period - Goal by Artturi Lehkonen - PITTSBURGH Penguins : 1 - COLUMBUS Blue Jackets : 1.
12:14 of 1st period - Jordan Staal wins face-off versus Lars Eller in neutral zone.
12:33 of 1st period - Shot by Jordan Staal.
12:33 of 1st period - Shot Misses the Net.
12:35 of 1st period - Shot by Patrik Laine.
12:35 of 1st period - Shot Misses the Net.
12:37 of 1st period - Shot by Jordan Staal.
12:37 of 1st period - Stopped by Thatcher Demko with a rebound.
12:39 of 1st period - Shot by Jake Guentzel.
12:39 of 1st period - Shot Misses the Net.
12:41 of 1st period - Shot by Nate Schmidt.
12:41 of 1st period - Stopped by Thatcher Demko without a rebound.
12:42 of 1st period - Jake Evans wins face-off versus Barclay Goodrow in COLUMBUS Blue Jackets zone.
14:13 of 1st period - Off-side.
14:14 of 1st period - Lars Eller wins face-off versus Jordan Staal in neutral zone.
14:38 of 1st period - Shot by Patrik Laine.
14:38 of 1st period - Stopped by Thatcher Demko without a rebound.
14:39 of 1st period - Evgeni Malkin wins face-off versus Ryan Poehling in COLUMBUS Blue Jackets zone.
14:52 of 1st period - Shot by Jordan Kyrou.
14:52 of 1st period - Shot Blocked by Dmitry Orlov.
15:04 of 1st period - Shot by Jordan Kyrou.
15:04 of 1st period - Shot Misses the Net.
15:06 of 1st period - Shot by Connor Clifton.
15:06 of 1st period - Shot Misses the Net.
15:12 of 1st period - Shot by Evgeni Malkin.
15:12 of 1st period - Shot Misses the Net.
15:14 of 1st period - Shot by Evgeni Malkin.
15:14 of 1st period - Shot Misses the Net.
15:16 of 1st period - Shot by Evgeni Malkin.
15:16 of 1st period - Shot Blocked by Dmitry Orlov.
15:18 of 1st period - Shot by Evgeni Malkin.
15:18 of 1st period - Stopped by Thatcher Demko without a rebound.
15:19 of 1st period - Jordan Staal wins face-off versus Anthony Cirelli in COLUMBUS Blue Jackets zone.
15:58 of 1st period - Icing by Anthony Cirelli.
15:59 of 1st period - Gabriel Vilardi wins face-off versus Anthony Cirelli in COLUMBUS Blue Jackets zone.
16:29 of 1st period - Off-side.
16:30 of 1st period - Lars Eller wins face-off versus Evgeni Malkin in neutral zone.
16:32 of 1st period - Evan Rodrigues is hit by Brandon Carlo and loses puck.
16:41 of 1st period - Shot by Jordan Kyrou.
16:41 of 1st period - Stopped by Thatcher Demko without a rebound.
16:42 of 1st period - Jake Guentzel wins face-off versus Jake Evans in COLUMBUS Blue Jackets zone.
16:48 of 1st period - Icing by Ryan Pulock.
16:49 of 1st period - Jordan Staal wins face-off versus Jake Evans in COLUMBUS Blue Jackets zone.
16:50 of 1st period - Shot by Connor Clifton.
16:50 of 1st period - Shot Blocked by Ryan Pulock.
17:02 of 1st period - Shot by Andre Burakovsky.
17:02 of 1st period - Stopped by Cam Talbot with a rebound.
17:08 of 1st period - Shot by Ryan Pulock.
17:08 of 1st period - Goal by Ryan Pulock - PITTSBURGH Penguins : 1 - COLUMBUS Blue Jackets : 2.
17:09 of 1st period - Lars Eller wins face-off versus Evgeni Malkin in neutral zone.
17:27 of 1st period - Shot by Jordan Kyrou.
17:27 of 1st period - Stopped by Thatcher Demko without a rebound.
17:28 of 1st period - Jordan Staal wins face-off versus Anthony Cirelli in COLUMBUS Blue Jackets zone.
17:28 of 1st period - Connor Clifton is hit by Dmitry Orlov and loses puck.
17:33 of 1st period - Shot by Jake Guentzel.
17:33 of 1st period - Shot Blocked by Artturi Lehkonen.
18:59 of 1st period - Shot by Kailer Yamamoto.
18:59 of 1st period - Stopped by Cam Talbot without a rebound.
19:00 of 1st period - Barclay Goodrow wins face-off versus Jake Evans in PITTSBURGH Penguins zone.
19:00 of 1st period - Barclay Goodrow is hit by Andre Burakovsky.
19:05 of 1st period - Brandon Carlo is hit by Calvin de Haan and loses puck.
19:09 of 1st period - Icing by Matt Benning.
19:10 of 1st period - Gabriel Vilardi wins face-off versus Jake Evans in COLUMBUS Blue Jackets zone.
19:10 of 1st period - Brandon Carlo is hit by Matt Benning and loses puck.
19:27 of 1st period - Shot by Ondrej Palat.
19:27 of 1st period - Shot Blocked by Brandon Carlo.
19:32 of 1st period - Yakov Trenin is hit by Ondrej Palat.
Goals for this period are 1 for PITTSBURGH Penguins vs 2 for COLUMBUS Blue Jackets.
Shots for this period are 9 for PITTSBURGH Penguins vs 7 for COLUMBUS Blue Jackets.

2nd period


0:01 of 2nd period - Evgeni Malkin wins face-off versus Lars Eller in neutral zone.
0:24 of 2nd period - Minor Penalty to Connor Clifton for Holding.
0:25 of 2nd period - Evgeni Malkin wins face-off versus Anthony Cirelli in PITTSBURGH Penguins zone.
0:25 of 2nd period - Evgeni Malkin is hit by Artturi Lehkonen.
0:38 of 2nd period - Icing by Martin Fehervary.
0:39 of 2nd period - Evgeni Malkin wins face-off versus Anthony Cirelli in COLUMBUS Blue Jackets zone.
0:50 of 2nd period - Shot by Jason Robertson.
0:50 of 2nd period - Stopped by Thatcher Demko without a rebound.
0:51 of 2nd period - Evan Rodrigues wins face-off versus Evgeni Malkin in COLUMBUS Blue Jackets zone.
0:56 of 2nd period - Shot by Dmitry Orlov.
0:56 of 2nd period - Shot Blocked by Brandon Carlo.
2:11 of 2nd period - Shot by Artturi Lehkonen.
2:11 of 2nd period - Shot Misses the Net.
2:20 of 2nd period - Icing by Neal Pionk.
2:21 of 2nd period - Anthony Cirelli wins face-off versus Evgeni Malkin in COLUMBUS Blue Jackets zone.
3:17 of 2nd period - Shot by Anthony Cirelli.
3:17 of 2nd period - Stopped by Cam Talbot without a rebound.
3:18 of 2nd period - Jordan Staal wins face-off versus Lars Eller in PITTSBURGH Penguins zone.
3:27 of 2nd period - Shot by Evan Rodrigues.
3:27 of 2nd period - Stopped by Cam Talbot without a rebound.
3:28 of 2nd period - Anthony Cirelli wins face-off versus Patrik Laine in PITTSBURGH Penguins zone.
3:28 of 2nd period - Anthony Cirelli is hit by Robert Bortuzzo.
3:59 of 2nd period - Jake Guentzel is hit by Dmitry Orlov and loses puck.
4:24 of 2nd period - Shot by Martin Fehervary.
4:24 of 2nd period - Stopped by Cam Talbot with a rebound.
4:32 of 2nd period - Shot by Kailer Yamamoto.
4:32 of 2nd period - Shot Blocked by Nate Schmidt.
4:34 of 2nd period - Shot by Neal Pionk.
4:34 of 2nd period - Shot Misses the Net.
4:42 of 2nd period - Shot by Kailer Yamamoto.
4:42 of 2nd period - Stopped by Cam Talbot without a rebound.
4:43 of 2nd period - Jake Evans wins face-off versus Evgeni Malkin in PITTSBURGH Penguins zone.
4:45 of 2nd period - Ondrej Palat is hit by Brandon Carlo.
4:52 of 2nd period - Andre Burakovsky is hit by Brandon Carlo and loses puck.
5:18 of 2nd period - Minor Penalty to Jason Robertson for High sticking.
5:19 of 2nd period - Evgeni Malkin wins face-off versus Anthony Cirelli in PITTSBURGH Penguins zone.
5:32 of 2nd period - Adam Pelech is hit by Artturi Lehkonen.
5:36 of 2nd period - Evgeni Malkin is hit by Blake Coleman and loses puck.
6:32 of 2nd period - Icing by Ondrej Palat.
6:33 of 2nd period - Evan Rodrigues wins face-off versus Evgeni Malkin in COLUMBUS Blue Jackets zone.
6:33 of 2nd period - Evan Rodrigues is hit by Patrik Laine.
6:49 of 2nd period - Shot by Kailer Yamamoto.
6:49 of 2nd period - Shot Blocked by Adam Pelech.
6:59 of 2nd period - Shot by Neal Pionk.
6:59 of 2nd period - Shot Blocked by Adam Pelech.
7:01 of 2nd period - Shot by Ondrej Palat.
7:01 of 2nd period - Goal by Ondrej Palat - PITTSBURGH Penguins : 1 - COLUMBUS Blue Jackets : 3.
7:02 of 2nd period - Barclay Goodrow wins face-off versus Eric Staal in neutral zone.
8:29 of 2nd period - Shot by Calvin de Haan.
8:29 of 2nd period - Shot Misses the Net.
8:31 of 2nd period - Shot by Blake Coleman.
8:31 of 2nd period - Stopped by Cam Talbot without a rebound.
8:32 of 2nd period - Gabriel Vilardi wins face-off versus Evan Rodrigues in PITTSBURGH Penguins zone.
8:45 of 2nd period - Brandon Carlo is hit by Evan Rodrigues and loses puck.
9:34 of 2nd period - Off-side.
9:35 of 2nd period - Jordan Staal wins face-off versus Anthony Cirelli in neutral zone.
9:35 of 2nd period - Jordan Staal is hit by Blake Coleman.
9:41 of 2nd period - Shot by Jake Guentzel.
9:41 of 2nd period - Shot Blocked by Artturi Lehkonen.
9:48 of 2nd period - Minor Penalty to Connor Clifton for Cross-checking.
9:49 of 2nd period - Evgeni Malkin wins face-off versus Anthony Cirelli in PITTSBURGH Penguins zone.
9:57 of 2nd period - Icing by Dmitry Orlov.
9:58 of 2nd period - Evgeni Malkin wins face-off versus Anthony Cirelli in COLUMBUS Blue Jackets zone.
10:28 of 2nd period - Shot by Blake Coleman.
10:28 of 2nd period - Deflect By Anthony Cirelli.
10:28 of 2nd period - Shot Misses the Net.
10:34 of 2nd period - Shot by Anthony Cirelli.
10:34 of 2nd period - Shot Misses the Net.
10:36 of 2nd period - Shot by Artturi Lehkonen.
10:36 of 2nd period - Deflect By Blake Coleman.
10:36 of 2nd period - Shot Misses the Net.
10:38 of 2nd period - Shot by Anthony Cirelli.
10:38 of 2nd period - Shot Misses the Net.
10:40 of 2nd period - Shot by Ryan Pulock.
10:40 of 2nd period - Stopped by Cam Talbot without a rebound.
10:41 of 2nd period - Evan Rodrigues wins face-off versus Barclay Goodrow in PITTSBURGH Penguins zone.
11:10 of 2nd period - Shot by Jason Robertson.
11:10 of 2nd period - Shot Blocked by Martin Fehervary.
11:18 of 2nd period - Nate Schmidt is hit by Kailer Yamamoto and loses puck.
11:57 of 2nd period - Patrik Laine is hit by Eric Staal and loses puck.
12:34 of 2nd period - Matt Benning is hit by Connor Clifton.
12:58 of 2nd period - Off-side.
12:59 of 2nd period - Anthony Cirelli wins face-off versus Barclay Goodrow in neutral zone.
13:02 of 2nd period - Shot by Artturi Lehkonen.
13:02 of 2nd period - Stopped by Cam Talbot without a rebound.
13:03 of 2nd period - Barclay Goodrow wins face-off versus Anthony Cirelli in PITTSBURGH Penguins zone.
13:20 of 2nd period - Shot by Blake Coleman.
13:20 of 2nd period - Shot Hit the Post.
13:44 of 2nd period - Anthony Cirelli is hit by Barclay Goodrow and loses puck.
14:06 of 2nd period - Shot by Gabriel Vilardi.
14:06 of 2nd period - Goal by Gabriel Vilardi - PITTSBURGH Penguins : 2 - COLUMBUS Blue Jackets : 3.
14:07 of 2nd period - Lars Eller wins face-off versus Evgeni Malkin in neutral zone.
14:10 of 2nd period - Connor Clifton is hit by Kailer Yamamoto and loses puck.
14:19 of 2nd period - Shot by Lars Eller.
14:19 of 2nd period - Stopped by Cam Talbot without a rebound.
14:20 of 2nd period - Jordan Staal wins face-off versus Jake Evans in PITTSBURGH Penguins zone.
14:20 of 2nd period - Jordan Staal is hit by Ondrej Palat.
14:38 of 2nd period - Icing by Jordan Staal.
14:39 of 2nd period - Lars Eller wins face-off versus Jordan Staal in PITTSBURGH Penguins zone.
14:48 of 2nd period - Shot by Evan Rodrigues.
14:48 of 2nd period - Shot Blocked by Nate Schmidt.
14:50 of 2nd period - Shot by Lars Eller.
14:50 of 2nd period - Stopped by Cam Talbot without a rebound.
14:51 of 2nd period - Anthony Cirelli wins face-off versus Evgeni Malkin in PITTSBURGH Penguins zone.
15:16 of 2nd period - Shot by Artturi Lehkonen.
15:16 of 2nd period - Deflect By Blake Coleman.
15:16 of 2nd period - Goal by Blake Coleman - PITTSBURGH Penguins : 2 - COLUMBUS Blue Jackets : 4.
15:16 of 2nd period - Elvis Merzlikins enters game.
15:17 of 2nd period - Lars Eller wins face-off versus Jordan Staal in neutral zone.
15:25 of 2nd period - Lars Eller is hit by Jake Guentzel and loses puck.
16:36 of 2nd period - Shot by Artturi Lehkonen.
16:36 of 2nd period - Shot Blocked by Adam Pelech.
16:42 of 2nd period - Shot by Artturi Lehkonen.
16:42 of 2nd period - Deflect By Blake Coleman.
16:42 of 2nd period - Shot Blocked by Connor Clifton.
16:53 of 2nd period - Anthony Cirelli is hit by Connor Clifton and loses puck.
17:16 of 2nd period - Minor Penalty to Jake Evans for Tripping.
17:17 of 2nd period - Barclay Goodrow wins face-off versus Anthony Cirelli in COLUMBUS Blue Jackets zone.
17:23 of 2nd period - Jordan Kyrou is hit by Neal Pionk and loses puck.
17:56 of 2nd period - Shot by Jordan Kyrou.
17:56 of 2nd period - Shot Blocked by Ryan Pulock.
17:58 of 2nd period - Shot by Tanner Pearson.
17:58 of 2nd period - Shot Misses the Net.
18:00 of 2nd period - Shot by Thomas Chabot.
18:00 of 2nd period - Shot Blocked by Ryan Pulock.
18:20 of 2nd period - Icing by Robert Bortuzzo.
18:21 of 2nd period - Evgeni Malkin wins face-off versus Anthony Cirelli in PITTSBURGH Penguins zone.
18:30 of 2nd period - Shot by Evgeni Malkin.
18:30 of 2nd period - Shot Misses the Net.
18:32 of 2nd period - Shot by Jason Robertson.
18:32 of 2nd period - Deflect By Evgeni Malkin.
18:32 of 2nd period - Stopped by Thatcher Demko without a rebound.
18:33 of 2nd period - Anthony Cirelli wins face-off versus Evgeni Malkin in COLUMBUS Blue Jackets zone.
18:33 of 2nd period - Anthony Cirelli is hit by Jake Guentzel.
19:16 of 2nd period - Shot by Jordan Kyrou.
19:16 of 2nd period - Stopped by Thatcher Demko without a rebound.
19:17 of 2nd period - Ondrej Palat wins face-off versus Barclay Goodrow in COLUMBUS Blue Jackets zone.
19:23 of 2nd period - Off-side.
19:24 of 2nd period - Evan Rodrigues wins face-off versus Barclay Goodrow in neutral zone.
19:32 of 2nd period - Shot by Evan Rodrigues.
19:32 of 2nd period - Shot Blocked by Tanner Pearson.
19:50 of 2nd period - Shot by Kailer Yamamoto.
19:50 of 2nd period - Shot Misses the Net.
19:52 of 2nd period - Shot by Kailer Yamamoto.
19:52 of 2nd period - Stopped by Elvis Merzlikins with a rebound.
Goals for this period are 1 for PITTSBURGH Penguins vs 2 for COLUMBUS Blue Jackets.
Shots for this period are 4 for PITTSBURGH Penguins vs 12 for COLUMBUS Blue Jackets.

3rd period


0:01 of 3rd period - Evgeni Malkin wins face-off versus Anthony Cirelli in neutral zone.
0:04 of 3rd period - Dmitry Orlov is hit by Jordan Kyrou and loses puck.
0:13 of 3rd period - Shot by Jason Robertson.
0:13 of 3rd period - Shot Misses the Net.
0:21 of 3rd period - Shot by Jordan Kyrou.
0:21 of 3rd period - Shot Blocked by Dmitry Orlov.
0:23 of 3rd period - Shot by Jordan Kyrou.
0:23 of 3rd period - Stopped by Thatcher Demko with a rebound.
0:41 of 3rd period - Shot by Artturi Lehkonen.
0:41 of 3rd period - Stopped by Elvis Merzlikins without a rebound.
0:42 of 3rd period - Lars Eller wins face-off versus Barclay Goodrow in PITTSBURGH Penguins zone.
0:42 of 3rd period - Neal Pionk is hit by Connor Clifton and loses puck.
0:54 of 3rd period - Lars Eller is hit by Adam Pelech and loses puck.
1:05 of 3rd period - Shot by Evan Rodrigues.
1:05 of 3rd period - Shot Misses the Net.
1:07 of 3rd period - Shot by Lars Eller.
1:07 of 3rd period - Stopped by Elvis Merzlikins without a rebound.
1:08 of 3rd period - Jordan Staal wins face-off versus Ondrej Palat in PITTSBURGH Penguins zone.
1:08 of 3rd period - Patrik Laine is hit by Andre Burakovsky and loses puck.
1:18 of 3rd period - Jake Guentzel is hit by Matt Benning and loses puck.
2:14 of 3rd period - Shot by Artturi Lehkonen.
2:14 of 3rd period - Shot Blocked by Thomas Chabot.
2:22 of 3rd period - Shot by Jordan Kyrou.
2:22 of 3rd period - Goal by Jordan Kyrou - PITTSBURGH Penguins : 3 - COLUMBUS Blue Jackets : 4.
2:23 of 3rd period - Barclay Goodrow wins face-off versus Lars Eller in neutral zone.
2:23 of 3rd period - Barclay Goodrow is hit by Lars Eller.
2:26 of 3rd period - Minor Penalty to Lars Eller for Slashing.
2:27 of 3rd period - Anthony Cirelli wins face-off versus Barclay Goodrow in COLUMBUS Blue Jackets zone.
2:27 of 3rd period - Anthony Cirelli is hit by Barclay Goodrow.
2:36 of 3rd period - Icing by Barclay Goodrow.
2:37 of 3rd period - Anthony Cirelli wins face-off versus Barclay Goodrow in PITTSBURGH Penguins zone.
3:00 of 3rd period - Shot by Thomas Chabot.
3:00 of 3rd period - Shot Misses the Net.
3:02 of 3rd period - Shot by Barclay Goodrow.
3:02 of 3rd period - Deflect By Jordan Kyrou.
3:02 of 3rd period - Stopped by Thatcher Demko with a rebound.
4:06 of 3rd period - Shot by Evgeni Malkin.
4:06 of 3rd period - Deflect By Jake Guentzel.
4:06 of 3rd period - Stopped by Thatcher Demko without a rebound.
4:07 of 3rd period - Anthony Cirelli wins face-off versus Barclay Goodrow in COLUMBUS Blue Jackets zone.
5:46 of 3rd period - Shot by Eric Staal.
5:46 of 3rd period - Shot Misses the Net.
5:55 of 3rd period - Ryan Poehling is hit by Adam Pelech and loses puck.
6:12 of 3rd period - Shot by Anthony Cirelli.
6:12 of 3rd period - Shot Misses the Net.
6:17 of 3rd period - Anthony Cirelli is hit by Adam Pelech and loses puck.
6:20 of 3rd period - Shot by Artturi Lehkonen.
6:20 of 3rd period - Shot Misses the Net.
6:36 of 3rd period - Shot by Anthony Cirelli.
6:36 of 3rd period - Stopped by Elvis Merzlikins without a rebound.
6:37 of 3rd period - Evgeni Malkin wins face-off versus Lars Eller in PITTSBURGH Penguins zone.
7:19 of 3rd period - Shot by Evgeni Malkin.
7:19 of 3rd period - Shot Misses the Net.
8:15 of 3rd period - Shot by Blake Coleman.
8:15 of 3rd period - Goal by Blake Coleman - PITTSBURGH Penguins : 3 - COLUMBUS Blue Jackets : 5.
8:16 of 3rd period - Jordan Staal wins face-off versus Ondrej Palat in neutral zone.
8:38 of 3rd period - Minor Penalty to Robert Bortuzzo for Slashing.
8:39 of 3rd period - Evan Rodrigues wins face-off versus Evgeni Malkin in PITTSBURGH Penguins zone.
9:02 of 3rd period - Shot by Dmitry Orlov.
9:02 of 3rd period - Shot Misses the Net.
9:50 of 3rd period - Shot by Jake Guentzel.
9:50 of 3rd period - Shot Misses the Net.
10:05 of 3rd period - Shot by Blake Coleman.
10:05 of 3rd period - Stopped by Elvis Merzlikins without a rebound.
10:06 of 3rd period - Evgeni Malkin wins face-off versus Anthony Cirelli in PITTSBURGH Penguins zone.
10:36 of 3rd period - Shot by Martin Fehervary.
10:36 of 3rd period - Stopped by Elvis Merzlikins with a rebound.
11:22 of 3rd period - Icing by Calvin de Haan.
11:23 of 3rd period - Jordan Staal wins face-off versus Eric Staal in COLUMBUS Blue Jackets zone.
11:34 of 3rd period - Shot by Jake Guentzel.
11:34 of 3rd period - Shot Blocked by Matt Benning.
11:40 of 3rd period - Jake Guentzel is hit by Eric Staal.
11:44 of 3rd period - Matt Benning is hit by Jordan Staal and loses puck.
11:51 of 3rd period - Jake Guentzel is hit by Zemgus Girgensons and loses puck.
12:30 of 3rd period - Shot by Jason Robertson.
12:30 of 3rd period - Stopped by Thatcher Demko without a rebound.
12:31 of 3rd period - Anthony Cirelli wins face-off versus Gabriel Vilardi in COLUMBUS Blue Jackets zone.
12:48 of 3rd period - Shot by Artturi Lehkonen.
12:48 of 3rd period - Goal by Artturi Lehkonen - PITTSBURGH Penguins : 3 - COLUMBUS Blue Jackets : 6.
12:49 of 3rd period - Lars Eller wins face-off versus Jason Robertson in neutral zone.
12:51 of 3rd period - Evan Rodrigues is hit by Robert Bortuzzo and loses puck.
13:01 of 3rd period - Jason Robertson is hit by Martin Fehervary and loses puck.
13:04 of 3rd period - Shot by Robert Bortuzzo.
13:04 of 3rd period - Shot Misses the Net.
13:06 of 3rd period - Shot by Jordan Kyrou.
13:06 of 3rd period - Shot Misses the Net.
13:34 of 3rd period - Jason Robertson is hit by Kailer Yamamoto and loses puck.
13:48 of 3rd period - Minor Penalty to Artturi Lehkonen for Tripping.
13:49 of 3rd period - Anthony Cirelli wins face-off versus Barclay Goodrow in COLUMBUS Blue Jackets zone.
14:12 of 3rd period - Shot by Thomas Chabot.
14:12 of 3rd period - Shot Misses the Net.
14:25 of 3rd period - Shot by Thomas Chabot.
14:25 of 3rd period - Shot Misses the Net.
14:34 of 3rd period - Icing by Alexander Volkov.
14:35 of 3rd period - Barclay Goodrow wins face-off versus Anthony Cirelli in PITTSBURGH Penguins zone.
15:14 of 3rd period - Shot by Adam Pelech.
15:14 of 3rd period - Shot Blocked by Ryan Pulock.
16:07 of 3rd period - Shot by Ondrej Palat.
16:07 of 3rd period - Shot Misses the Net.
16:09 of 3rd period - Shot by Jake Evans.
16:09 of 3rd period - Stopped by Elvis Merzlikins without a rebound.
16:10 of 3rd period - Lars Eller wins face-off versus Barclay Goodrow in PITTSBURGH Penguins zone.
16:15 of 3rd period - Shot by Lars Eller.
16:15 of 3rd period - Stopped by Elvis Merzlikins without a rebound.
16:16 of 3rd period - Barclay Goodrow wins face-off versus Lars Eller in PITTSBURGH Penguins zone.
16:33 of 3rd period - Shot by Kailer Yamamoto.
16:33 of 3rd period - Stopped by Elvis Merzlikins without a rebound.
16:34 of 3rd period - Anthony Cirelli wins face-off versus Jordan Staal in PITTSBURGH Penguins zone.
16:40 of 3rd period - Blake Coleman is hit by Adam Pelech.
16:50 of 3rd period - Icing by Dmitry Orlov.
16:51 of 3rd period - Barclay Goodrow wins face-off versus Artturi Lehkonen in COLUMBUS Blue Jackets zone.
16:57 of 3rd period - Dmitry Orlov is hit by Jesse Puljujarvi and loses puck.
17:06 of 3rd period - Shot by Artturi Lehkonen.
17:06 of 3rd period - Stopped by Elvis Merzlikins without a rebound.
17:07 of 3rd period - Lars Eller wins face-off versus Evgeni Malkin in PITTSBURGH Penguins zone.
17:20 of 3rd period - Shot by Lars Eller.
17:20 of 3rd period - Shot Misses the Net.
17:38 of 3rd period - Shot by Lars Eller.
17:38 of 3rd period - Shot Misses the Net.
17:40 of 3rd period - Shot by Neal Pionk.
17:40 of 3rd period - Stopped by Elvis Merzlikins with a rebound.
17:42 of 3rd period - Shot by Martin Fehervary.
17:42 of 3rd period - Shot Misses the Net.
17:44 of 3rd period - Shot by Kailer Yamamoto.
17:44 of 3rd period - Goal by Kailer Yamamoto - PITTSBURGH Penguins : 3 - COLUMBUS Blue Jackets : 7.
17:45 of 3rd period - Jordan Staal wins face-off versus Anthony Cirelli in neutral zone.
17:54 of 3rd period - Shot by Jordan Staal.
17:54 of 3rd period - Shot Blocked by Artturi Lehkonen.
17:58 of 3rd period - Shot by Jake Guentzel.
17:58 of 3rd period - Shot Blocked by Anthony Cirelli.
18:00 of 3rd period - Shot by Brandon Carlo.
18:00 of 3rd period - Deflect By Patrik Laine.
18:00 of 3rd period - Stopped by Thatcher Demko without a rebound.
18:01 of 3rd period - Jake Evans wins face-off versus Jesse Puljujarvi in COLUMBUS Blue Jackets zone.
18:03 of 3rd period - Icing by Calvin de Haan.
18:04 of 3rd period - Evgeni Malkin wins face-off versus Andre Burakovsky in COLUMBUS Blue Jackets zone.
18:23 of 3rd period - Shot by Jason Robertson.
18:23 of 3rd period - Shot Blocked by Matt Benning.
18:40 of 3rd period - Minor Penalty to Calvin de Haan for Tripping.
18:41 of 3rd period - Barclay Goodrow wins face-off versus Anthony Cirelli in COLUMBUS Blue Jackets zone.
19:02 of 3rd period - Shot by Barclay Goodrow.
19:02 of 3rd period - Shot Misses the Net.
19:04 of 3rd period - Shot by Nate Schmidt.
19:04 of 3rd period - Stopped by Thatcher Demko without a rebound.
19:05 of 3rd period - Evgeni Malkin wins face-off versus Anthony Cirelli in COLUMBUS Blue Jackets zone.
Goals for this period are 1 for PITTSBURGH Penguins vs 3 for COLUMBUS Blue Jackets.
Shots for this period are 7 for PITTSBURGH Penguins vs 13 for COLUMBUS Blue Jackets. Output by the SimonT Hockey Simulator (STHS) for Martin Benoit - Original Page W3C HTML5 Valid
Hockey Simulator - Hockey Simulation - Hockey Manager